 Dungeon Crawl Stone Soup version 0.30-a0-168-g0b976cbdc4 (webtiles) character file.

Game seed: 378484971768332163

284 Iusername the Covered (level 6, 0/53 HPs)
             Began as a Minotaur Fighter on Sept 29, 2022.
             Engulfed by a cloud of flame (18 damage)
             ... on level 4 of the Dungeon.
             The game lasted 00:04:34 (5482 turns).

Iusername the Covered (Minotaur Fighter)            Turns: 5482, Time: 00:04:34

Health: 0/53       AC:  7    Str: 22    XL:     6   Next: 7%
Magic:  0/5        EV: 14    Int:  5    God:
Gold:   174        SH:  4    Dex: 10    Spells: 5/5 levels left

rFire   . . .      SeeInvis .    a - +0 trident
rCold   . . .      Faith    .    c - +0 buckler
rNeg    . . .      Spirit   +    b - +0 scale mail
rPois   .          Reflect  .    (helmet restricted)
rElec   .          Harm     .    (no cloak)
rCorr   .          Rampage  .    (no gloves)
Will    .....                    (no boots)
Stlth   ..........               p - amulet of guardian spirit
HPRegen 0.17/turn                u - +4 ring of evasion
MPRegen 0.09/turn                (no ring)

@: studying Unarmed Combat
A: horns 2, retaliatory headbutt
a: no special abilities


You were on level 4 of the Dungeon.
You visited 1 branch of the dungeon, and saw 4 of its levels.

You collected 174 gold pieces.

Inventory:

Hand Weapons
 a - a +0 trident (weapon)
Armour
 b - a +0 scale mail (worn)
 c - a +0 buckler (worn)
Jewellery
 p - an amulet of guardian spirit (around neck)
 u - a +4 ring of evasion (left hand)
Scrolls
 e - 3 scrolls of silence
 f - a scroll of immolation
 g - a scroll of poison {unknown}
 h - 2 scrolls of fear {unknown}
 m - a scroll of amnesia {unknown}
 n - a scroll of teleportation {unknown}
 o - a scroll of brand weapon {unknown}
 v - a scroll of fog {unknown}
Potions
 d - a potion of might
 i - a potion of resistance {unknown}
 j - 2 potions of brilliance {unknown}
 k - a potion of degeneration {unknown}
 l - a potion of heal wounds {unknown}
 q - a potion of lignification {unknown}
 r - a potion of mutation {unknown}
 s - a potion of flight {unknown}
 t - a potion of curing {unknown}
 w - a potion of attraction {unknown}


   Skills:
 + Level 4.4 Fighting
 + Level 5.0 Polearms
 + Level 5.0 Armour
 + Level 1.7 Dodging
 + Level 0.2 Stealth
 + Level 4.8 Shields


You had 5 spell levels left.
You didn't know any spells.
Your spell library contained the following spells:

 Spells                   Type           Power      Damage    Failure   Level
 Sting                    Tmut/Pois      0%         1d3       86%         1
 Ensorcelled Hibernation  Hex/Ice        0%         N/A       95%         2
 Passwall                 Tmut/Erth      0%         N/A       95%         2
 Poisonous Vapours        Pois/Air       0%         N/A       95%         2
 Portal Projectile        Hex/Tloc       0%         N/A       99%         3
 Swiftness                Air            0%         N/A       99%         3
 Tukima's Dance           Hex            0%         N/A       99%         3
 Olgreb's Toxic Radiance  Pois           0%         N/A       100%        4
 Blade Hands              Tmut           0%         N/A       100%        5
 Ozocubu's Refrigeration  Ice            0%         4d7       100%        7
 Ignition                 Fire           0%         3d3       100%        8


Dungeon Overview and Level Annotations

Branches:
Dungeon (4/15)
 Temple: D:4-7

Altars:

Shops:
D:2 =   D:4 ***


Innate Abilities, Weirdness & Mutations

You have a pair of horns on your head.
You reflexively headbutt those who attack you in melee.


Message History

Found Ymagug's Mass Market.
There is an entrance to Ymagug's Mass Market here.
There is an entrance to Ymagug's Mass Market here.
Things that are here:
a +2 short sword of draining; a +0 ring mail Done exploring.
Done exploring.
u - a +4 ring of evasion (left hand)
You start putting on your amulet.
You continue putting on your amulet of guardian spirit. x5
You finish putting on your amulet of guardian spirit.
You feel your power drawn to a protective spirit.
p - an amulet of guardian spirit (around neck)
As you read the scroll labelled TOTOWU ZIEKUAME, it crumbles to dust.
A profound silence engulfs you.
It was a scroll of silence.
You start waiting.
Your hearing returns.
You start waiting.
Done waiting.
You start waiting.
Done waiting.
You start waiting.
Done waiting.
You start waiting.
A jackal comes into view.
As you read the scroll labelled WENUDUCEOS, it crumbles to dust.
The creatures around you are filled with an inner flame!
It was a scroll of immolation.
The jackal barks!
The jackal bites you but does no damage.
You hit the jackal.
Flame seeps out of the jackal.
Your headbutt misses the jackal.
The jackal is moderately wounded.
The jackal is engulfed in blazing flames.
The jackal explodes!
The fiery explosion engulfs you!!
Your Polearms skill increases to level 5!
You are engulfed in blazing flames.
You are engulfed in blazing flames.
You die...

# ### ############## #######.####
.............### #..........#
######.........######.###.....?#
######.#####.#.#...............##
##........##.#.#.####...........#
##.###..)......#.####.#.##...#..#
....##.##......§§....###....##..#
##..##.#####..§°@..##.#8.........
#..##)# #.#§#§#.##............
##..##.# ##.#.#.#)##....<.8....#
.#..##.# ##.#..#.#.##........#..#
.#..##.###.###.#....#.#8.†...#..#
.#..##....## ##.##..............#
.......#.## ##.##.######>[.##..
....#####.## ##.###.# ##.#####
....# ##.###.## #.# #†#


There were no monsters in sight!

Vanquished Creatures
  An ogre (D:4)
  A hound (D:4)
  An iguana (D:4)
  5 adders
  3 worms
  2 orcs
  8 bats
  6 endoplasms
  4 giant cockroaches
  9 hobgoblins
  8 jackals
  10 kobolds
  4 quokkas
  10 ball pythons
  2 frilled lizards (D:2)
  7 goblins
  4 rats
  2 bushes (D:1)
87 creatures vanquished.

Vanquished Creatures (others)
  A plant (D:1)
1 creature vanquished.

Grand Total: 88 creatures vanquished

Notes
Turn   | Place    | Note
-------+----------+-------------------------------------------
     0 | D:1      | Iusername the Minotaur Fighter began the quest for the Orb.
     0 | D:1      | Reached XP level 1. HP: 19/19 MP: 0/0
   347 | D:1      | Found a faded altar of an unknown god.
   395 | D:1      | Reached XP level 2. HP: 27/27 MP: 1/1
  1322 | D:2      | Reached XP level 3. HP: 28/33 MP: 2/2
  1602 | D:2      | Found Sucwan's Jewellery Shop.
  1986 | D:2      | Reached skill level 1 in Dodging
  2472 | D:3      | Reached XP level 4. HP: 24/40 MP: 3/3
  3495 | D:4      | Noticed an ogre
  3505 | D:4      | Killed an ogre
  3506 | D:4      | Reached XP level 5. HP: 26/46 MP: 4/4
  3557 | D:4      | Found Civvioho's Elemental Accessories.
  4072 | D:4      | Found Saav's Superlative Supplies.
  4566 | D:4      | Reached skill level 5 in Armour
  4566 | D:4      | Reached XP level 6. HP: 17/53 MP: 5/5
  5028 | D:4      | Found Ymagug's Mass Market.
  5481 | D:4      | Reached skill level 5 in Polearms
  5482 | D:4      | Engulfed by a cloud of flame

Illustrated notes

Levels and vault maps discovered:
D:1:      minmay_arrival_radiant_lines, layout_basic, serial_forest,
          infiniplex_forest_diagonal, infiniplex_forest_end_2,
          infiniplex_forest_clump_double, infiniplex_forest_corner_1,
          infiniplex_forest_clump_C, infiniplex_forest_clump_diagonal,
          infiniplex_forest_straight_1, ebering_ecumenical_altar_hall
D:2:      minmay_razor_zed, layout_loops_corners, serial_shops, shop
D:3:      layout_basic
D:4:      layout_loops_ring, grunt_ministairs_1, serial_park_tiny_pond,
          nicolae_elemental_shop, nicolae_alphabet_shops, minmay_shop_mass

Skill      XL: |  1  2  3  4  5  6 |
---------------+-------------------+-----
Shields        | 4 |  4.8
Polearms       | 3 4 5 |  5.0
Armour         | 4 5 |  5.0
Fighting       | 4 |  4.4
Dodging        | 1 |  1.7
Stealth        | |  0.2

Action                   |  1- 3 |  4- 6 || total
-------------------------+-------+-------++-------
Melee: Trident           |   218 |   109 ||   327
       Headbutt          |    57 |    16 ||    73
  Use: Potion            |       |     1 ||     1
       Scroll            |       |     3 ||     3
Armor: Scale mail        |    47 |    40 ||    87
Dodge: Dodged            |    59 |    27 ||    86
Block: Buckler           |    21 |    16 ||    37

Table legend: (Time is in decaauts)
 A = Elapsed time spent in this place.
 B = Non-inter-level travel time spent in this place.
 C = Inter-level travel time spent in this place.
 D = Time resting spent in this place.
 E = Time spent auto-exploring this place.
 F = Levels seen in this place.
 G = Mean time per level.
                   A        B        C        D        E       F      G
               +--------+--------+--------+--------+--------+-----+--------+
         Total |   5537 |   5440 |     97 |   1223 |   3489 |   4 | 1384.2 |
       Dungeon |   5537 |   5440 |     97 |   1223 |   3489 |   4 | 1384.2 |
               +--------+--------+--------+--------+--------+-----+--------+

Top non-repeatable levels by time:
     D:4: 2021 daAuts
     D:2: 1325 daAuts
     D:1: 1176 daAuts
     D:3: 1013 daAuts
